 Dungeon Crawl Stone Soup version 0.15-a0-1309-g3520d71 (webtiles) character file.

546 Solenki the Skirmisher (level 7, -5/96 HPs)
             Began as a Minotaur Berserker on June 7, 2014.
             Was an Elder of Trog.
             Slain by an ice beast (11 damage)
             ... on Level 5 of the Dungeon on June 9, 2014.
             The game lasted 00:15:20 (4357 turns).

Solenki the Skirmisher (Minotaur Berserker)         Turns: 4357, Time: 00:15:22

HP  -5/96        AC 11     Str 28      XL: 7   Next:  6%
MP   3/3         EV  9     Int  4      God: Trog [****..]
Gold 224         SH  0     Dex 10      Spells:  0 memorised,  6 levels left

rFire  . . .     SeeInvis .     v - +2,+3 flail (protect)
rCold  . . .     Clarity  .     d - +0 scale mail
rNeg   . . .     rCorr    .     (no shield)
rPois  .         rRot     .     (helmet restricted)
rElec  .         Spirit   .     (no cloak)
SustAb .         Warding  .     (no gloves)
rMut   .         Stasis   .     (no boots)
Gourm  .                        (no amulet)
MR     ++...                    (no ring)
                                (no ring)

@: berserking, regenerating, very quick, very resistant to hostile enchantments,
extremely unstealthy
A: retaliatory headbutt, horns 2
a: Burn Spellbooks, Berserk, Trog's Hand, Brothers in Arms, Renounce Religion


You were on level 5 of the Dungeon.
You worshipped Trog.
Trog was greatly pleased with you.
You were not hungry.

You visited 1 branch of the dungeon, and saw 5 of its levels.

You collected 224 gold pieces.

Inventory:

Hand weapons
 a - a +0,+0 falchion
 v - a +2,+3 flail of protection (weapon)
Armour
 b - a +0 animal skin
 d - a +0 scale mail (worn)
Comestibles
 c - 4 bread rations
Scrolls
 e - 3 scrolls of enchant weapon I {unknown}
 g - 5 scrolls of identify {unknown}
 h - 8 scrolls of teleportation {unknown}
 i - 2 scrolls of immolation {unknown}
 j - a scroll of fear {unknown}
 k - 4 scrolls of remove curse {unknown}
 l - 2 scrolls of blinking {unknown}
 m - a scroll of noise {unknown}
 n - a scroll of magic mapping {unknown}
 o - a scroll of vulnerability {unknown}
 s - a scroll of random uselessness {unknown}
 t - a scroll of enchant armour {unknown}
Jewellery
 r - an uncursed ring of fire {unknown}
Potions
 f - a potion of heal wounds {unknown}
 p - 4 potions of curing {unknown}
 q - a potion of invisibility {unknown}
 u - 2 potions of poison {unknown}


   Skills:
 * Level 6.6 Fighting
 - Level 5.7 Long Blades
 * Level 1.0 Maces & Flails
 * Level 2.8 Armour
 + Level 4.9 Dodging
 + Level 1.0 Stealth


You had 6 spell levels left.
You didn't know any spells.

Dungeon Overview and Level Annotations

Branches:
Dungeon (5/15)
 Temple: D:4-7

Altars:
Cheibriados
Makhleb
Sif Muna


Innate Abilities, Weirdness & Mutations

You reflexively headbutt those who attack you in melee.
You have a pair of horns on your head.


Message History

The ice beast hits you but does no damage.
The ice beast hits you. The ice beast freezes you!
* * * LOW HITPOINT WARNING * * *
You are too injured to fight recklessly!
Eat which item? (? for menu, Esc to quit)
Okay, then.
Use which ability? (? or * to list)
Your skin crawls.
You feel resistant to hostile enchantments.
You feel slightly more hungry. The ice beast hits you.
* * * LOW HITPOINT WARNING * * *
The ice beast freezes you!
* * * LOW HITPOINT WARNING * * *
Use which ability? (? or * to list)
A red film seems to cover your vision as you go berserk!
You feel yourself moving faster!
You feel mighty!
You feel somewhat more hungry. The ice beast hits you.
* * * LOW HITPOINT WARNING * * *
The ice beast freezes you!
You die...

.# #+# ## (.!...... #
...........
.............
#..............
#..............
#..............
#.......Y......# #@####
#..).# ###### ####.#
.....# ########'###
.....# ###..........#
.....# #.'..........#
.....# ##.#..(.......#
.....####..#...>......#
.....'....##..........#


You could see an ice beast.

Vanquished Creatures
  Edmund (D:4)
  A black bear (D:5)
  A scorpion (D:4)
  3 worker ants (D:4)
  A giant frog skeleton (D:4)
  A big kobold zombie (D:5)
  6 adders
  3 worms
  An orc skeleton (D:4)
  3 giant geckos
  2 orcs (D:3)
  2 giant cockroaches
  11 goblins
  11 hobgoblins
  6 jackals
  5 quokkas
  A ball python (D:2)
  11 bats
  A giant newt (D:4)
  13 kobolds
  7 rats
91 creatures vanquished.

Notes
Turn   | Place    | Note
--------------------------------------------------------------
     0 | D:1      | Solenki, the Minotaur Berserker, began the quest for the Orb.
     0 | D:1      | Reached XP level 1. HP: 19/19 MP: 1/1
   339 | D:1      | Reached XP level 2. HP: 22/27 MP: 1/1
   356 | D:1      | Acquired Trog's second power
   356 | D:1      | Reached skill level 4 in Long Blades
   835 | D:2      | Reached XP level 3. HP: 26/33 MP: 2/2
  1471 | D:2      | Reached XP level 4. HP: 41/41 MP: 2/2
  1843 | D:3      | Found a snail-covered altar of Cheibriados.
  1972 | D:3      | Reached skill level 5 in Fighting
  1984 | D:3      | Received a gift from Trog
  2164 | D:3      | Found a burning altar of Makhleb.
  2164 | D:3      | Noticed an Executioner
  2168 | D:3      | Noticed a hellwing
  2168 | D:3      | Noticed a neqoxec
  2235 | D:3      | Found a deep blue altar of Sif Muna.
  2797 | D:4      | Reached XP level 5. HP: 24/48 MP: 2/2
  3039 | D:4      | Reached skill level 5 in Long Blades
  3557 | D:4      | Noticed Edmund
  3573 | D:4      | Killed Edmund
  3573 | D:4      | Reached XP level 6. HP: 48/57 MP: 3/3
  3948 | D:4      | Reached skill level 6 in Fighting
  3948 | D:4      | Reached skill level 1 in Stealth
  4221 | D:5      | Entered Level 5 of the Dungeon
  4344 | D:5      | Acquired Trog's third power
  4355 | D:5      | Reached skill level 1 in Maces & Flails
  4355 | D:5      | Reached XP level 7. HP: 26/64 MP: 3/3
  4357 | D:5      | Slain by an ice beast

Action                   |  1- 3 |  4- 6 |  7- 9 || total
-------------------------+-------+-------+-------++-------
Melee: Falchion          |    88 |   122 |       ||   210
       Flail             |       |    29 |       ||    29
Invok: Trog's Hand       |       |     3 |     1 ||     4
       Berserk           |       |     1 |     1 ||     2
